 Dungeon Crawl Stone Soup version 0.31-a0-187-gba352fbbf7 (webtiles) character file.

Game seed: 1081890996070913443

204 qw the Skirmisher (level 5, -6/29 HPs)
             Began as a Deep Elf Hunter on June 22, 2023.
             Mangled by a gnoll
             ... wielding a +0 whip
             ... led by a gnoll bouda
              (7 damage)
             ... on level 4 of the Dungeon.
             The game lasted 00:00:56 (2037 turns).

qw the Skirmisher (Deep Elf Hunter)                 Turns: 2037, Time: 00:00:56

Health: -6/29      AC:  6    Str:  8    XL:     5   Next: 52%
Magic:  0/7        EV: 12    Int: 14    God:
Gold:   142        SH:  0    Dex: 18    Spells: 4/4 levels left

rFire   . . .        Y - +3 shortbow
rCold   + + .        (shield currently unavailable)
rNeg    . . .        g - +0 leather armour of the Arcane {rC++ Str-2}
rPois   .            (no helmet)
rElec   .            (no cloak)
rCorr   .            d - +2 pair of gloves
SInv    .            (no boots)
Will    .....        c - amulet of guardian spirit
Stlth   ++           (no ring)
HPRegen 0.24/turn    (no ring)
MPRegen 0.10/turn

%: guardian spirit
@: no status effects
A: no striking features
a: no special abilities


You were on level 4 of the Dungeon.
You visited 1 branch of the dungeon, and saw 4 of its levels.

You collected 142 gold pieces.


   Skills:
 - Level 1.5 Fighting
 - Level 9.1 Ranged Weapons
 + Level 2.4 Dodging
 - Level 1.2 Stealth


You had 4 spell levels left.
You didn't know any spells.
Your spell library was empty.

Inventory:

Hand Weapons
 Y - a +3 shortbow (weapon)
Armour
 a - a +0 ring mail
 d - a +2 pair of gloves (worn)
 g - the +0 leather armour of the Arcane (worn) {rC++ Str-2}
   (You found it on level 2 of the Dungeon)

   Str:       It affects your strength (-2).
   rC:        It greatly protects you from cold.
Jewellery
 c - an amulet of guardian spirit (around neck)
Scrolls
 i - a scroll of identify
Potions
 b - a potion of invisibility {unknown}
 e - a potion of haste {unknown}
 f - a potion of curing
 h - a potion of attraction {unknown}

Dungeon Overview and Level Annotations

Branches:
Dungeon (4/15)
 Temple: D:4-7

Altars:


Message History

A goblin comes into view. It is wielding a +0 club.
You shoot an arrow. The goblin shouts!
The arrow hits the gnoll!
You kill the gnoll!
A gnoll comes into view. It is wielding a +0 halberd.
An orc comes into view. It is wielding a +0 morningstar.
You shoot an arrow. The arrow hits the gnoll bouda!
The gnoll bouda is heavily wounded.
The gnoll bouda closely misses you.
You shoot an arrow. The arrow hits the gnoll bouda!
The gnoll bouda is almost dead.
The worm bites you but does no damage. The gnoll hits you with a +0 whip.
You shoot an arrow. The arrow hits the gnoll bouda!
You kill the gnoll bouda!
The hound pauses to sniff the ground.
The gnoll hits you from afar with a +0 halberd.
A gnoll comes into view. It is wielding a +0 spear.
The gnoll hits you but does no damage.
The gnoll hits you from afar with a +0 halberd.
Your Ranged Weapons skill increases to level 9!
You shoot an arrow. The arrow hits the worm.
The worm is heavily wounded.
The worm bites you! The gnoll hits you with a +0 whip.
The gnoll barely misses you.
You shoot an arrow. The arrow completely misses the worm.
The gnoll hits you with a +0 whip.
The gnoll hits you from afar with a +0 halberd.
The worm bites you but does no damage.
You shoot an arrow. The arrow hits the worm.
The worm is heavily wounded.
The gnoll closely misses you. The gnoll barely misses you.
You shoot an arrow. The arrow hits the worm!
The worm is almost dead.
The worm bites you. The gnoll barely misses you.
The gnoll hits you from afar with a +0 halberd!
You shoot an arrow. The arrow hits the worm!
You kill the worm!
The gnoll hits you with a +0 whip!
You die... ... #... #### ... .... ....# #go ..... . ....#### gh#

.....
...##.....###g#......
#.###.##....#g#...... ..
......#.....)g......
#.###.##......)@%......
. ......#.#.............
.###.##...#..#.........#
......#.#.#..#..........
##.##...#..#..#.........
#...#.#.#.##............
.. .%.#...##..#....#....
#.. #.#.#.#).......####.
#.##...#...........


You could see a hound, 4 gnolls, an orc and a goblin.

Vanquished Creatures
  A gnoll bouda (D:4)
  6 gnolls
  4 adders
  3 worms
  2 dart slugs
  An orc (D:3)
  8 ball pythons
  6 endoplasms
  2 giant cockroaches (D:1)
  6 goblins
  6 hobgoblins
  8 quokkas
  7 bats
  7 frilled lizards
  2 kobolds
  6 rats
75 creatures vanquished.

Notes
Turn   | Place    | Note
-------+----------+-------------------------------------------
     0 | D:1      | qw the Deep Elf Hunter began the quest for the Orb.
     0 | D:1      | Reached XP level 1. HP: 12/12 MP: 3/3
     0 | D:1      | 0 ||| qw: Version: 0.3-a-9-g12657ce
     0 | D:1      | 0 ||| qw: Game counter: 2524
     0 | D:1      | 0 ||| qw: Always use a shield: true
     0 | D:1      | 0 ||| qw: God list: Okawaru
     0 | D:1      | 0 ||| qw: Allow faded altars: false
     0 | D:1      | 0 ||| qw: Do Orc after D:15 true
     0 | D:1      | 0 ||| qw: Do second Lair branch before Depths: true
     0 | D:1      | 0 ||| qw: Lair rune preference: random
     0 | D:1      | 0 ||| qw: Plans: Normal
     0 | D:1      | 0 ||| PLANNING D:1-11
   129 | D:1      | Reached XP level 2. HP: 16/16 MP: 4/4
   140 | D:1      | Reached skill level 6 in Ranged Weapons
   199 | D:1      | 199 ||| FLEEEEING.
   241 | D:1      | Reached XP level 3. HP: 18/20 MP: 5/5
   241 | D:1      | 241 ||| FLEEEEING.
   242 | D:1      | 242 ||| FLEEEEING.
   472 | D:1      | 472 ||| UPGRADING to +2 pair of gloves.
   477 | D:1      | 477 ||| READING scroll labelled ANUMYK QUIRR.
   478 | D:1      | 478 ||| READING scroll labelled ADUWIPP KAKHO.
   479 | D:1      | 479 ||| DRINKING 2 ruby potions.
   480 | D:1      | 480 ||| DROPPING scroll of butterflies.
   596 | D:2      | 596 ||| READING scroll labelled TUEZATZ YLIE.
   726 | D:2      | 726 ||| STAIRDANCE
   730 | D:1      | Reached skill level 7 in Ranged Weapons
   741 | D:2      | 741 ||| STAIRDANCE
   761 | D:1      | 761 ||| UPGRADING to +0 ring mail.
   771 | D:1      | 771 ||| DROPPING +0 leather armour.
   861 | D:2      | Reached XP level 4. HP: 25/25 MP: 6/6
   871 | D:2      | 871 ||| READING scroll of enchant weapon.
   871 | D:2      | 871 ||| ENCHANTING +1 shortbow.
   961 | D:2      | 961 ||| UPGRADING to amulet of guardian spirit.
   994 | D:3      | 994 ||| STAIRDANCE
   999 | D:2      | HP: 5/25 [gnoll/+0 club (3)]
  1084 | D:3      | 1084 ||| STAIRDANCE
  1157 | D:3      | 1157 ||| STAIRDANCE
  1164 | D:2      | HP: 1/25 [gnoll/+0 halberd (11)]
  1166 | D:2      | Reached skill level 8 in Ranged Weapons
  1290 | D:3      | Found a faded altar of an unknown god.
  1367 | D:3      | Identified the +7 spear of the Sage {venom, rPois rF+}
  1552 | D:3      | 1552 ||| READING 2 scrolls labelled XUINIQ CEAWA.
  1553 | D:3      | 1553 ||| READING scroll labelled ESEM PEJULLI.
  1554 | D:3      | 1554 ||| DROPPING scroll of fog.
  1558 | D:3      | 1558 ||| FLEEEEING.
  1559 | D:3      | 1559 ||| FLEEEEING.
  1560 | D:3      | 1560 ||| FLEEEEING.
  1561 | D:3      | 1561 ||| STAIRDANCE
  1569 | D:3      | 1569 ||| STAIRDANCE
  1574 | D:2      | Reached XP level 5. HP: 20/29 MP: 4/7
  1712 | D:3      | 1712 ||| STAIRDANCE
  1752 | D:2      | Identified the +0 leather armour of the Arcane {rC++ Str-2}
  1762 | D:2      | 1762 ||| READING scroll of enchant weapon.
  1762 | D:2      | 1762 ||| ENCHANTING +2 shortbow.
  1767 | D:2      | 1767 ||| UPGRADING to +0 leather armour of the Arcane {rC++
                  | Str-2}.
  1962 | D:3      | 1962 ||| READING 2 scrolls labelled EVIOZU JAORAT.
  1963 | D:3      | 1963 ||| DROPPING scroll of noise.
  2033 | D:4      | Reached skill level 9 in Ranged Weapons
  2036 | D:4      | HP: 5/29 [worm (4)]
  2036 | D:4      | HP: 1/29 [gnoll/+0 halberd[a gnoll bouda] (4)]
  2037 | D:4      | Mangled by a gnoll

Levels and vault maps discovered:
D:1:      dpeg_arrival_rooms_with_view, layout_rooms
D:2:      layout_basic, grunt_ministairs_8
D:3:      layout_loops_ring, shapermc_ecumenical_altar_ellora, corexii_shack
D:4:      minmay_skewed_foursquare, layout_cave_pools,
          mainiacjoe_overflow_alcove_4, nicolae_concentric_dashed_squares_mild

Skill      XL: |  1  2  3  4  5 |
---------------+----------------+-----
Ranged Weapons | 6 7 8 9 |  9.1
Fighting       | |  1.5
Dodging        | |  2.4
Stealth        | |  1.2

Action                     |  1- 3 |  4- 6 || total
---------------------------+-------+-------++-------
   Fire: Shortbow          |   114 |   103 ||   217
    Use: Scroll            |     3 |     5 ||     8
         Potion            |     1 |       ||     1
 Armour: Leather armour    |    21 |     3 ||    24
         Ring mail         |     2 |    25 ||    27
  Dodge: Dodged            |    51 |    42 ||    93

Table legend:
 A = Non-vault XP
 B = Vault XP
 C = Vault XP percentage of total XP
 D = Non-vault monster count
 E = Vault monster count
 F = Vault count percentage of total count
                 A         B        C        D         E       F
            +---------+---------+-------+---------+---------+-------
      Total |     289 |       8 |   2.7 |      71 |       4 |   5.3
            +---------+---------+-------+---------+---------+-------
        D:1 |      71 |       4 |   5.3 |      30 |       2 |   6.2
        D:2 |      83 |       4 |   4.6 |      16 |       2 |  11.1
        D:3 |      55 |       0 |   0.0 |      17 |       0 |   0.0
        D:4 |      80 |       0 |   0.0 |       8 |       0 |   0.0
            +---------+---------+-------+---------+---------+-------
